 Dungeon Crawl Stone Soup version 0.24-a0-361-g57161393b2 (webtiles) character file.

Game seed: 10370896521070769298

23 HAL9000 the Sneak (level 3, 0/18 HPs)
             Began as a Vine Stalker Assassin on May 26, 2019.
             Succumbed to an adder's poison
             ... on level 2 of the Dungeon.
             The game lasted 00:01:07 (930 turns).

HAL9000 the Sneak (Vine Stalker Assassin)            Turns: 930, Time: 00:01:08

Health: 0/18       AC:  3    Str: 14    XL:     3   Next: 0%
Magic:  0/4        EV: 11    Int: 11    God:
Gold:   99         SH:  0    Dex: 15    Spells: 2/2 levels left

rFire    . . .     SeeInvis .   a - +2 dagger
rCold    . . .     Gourm    .   (no shield)
rNeg     . . .     Faith    .   b - +0 robe
rPois    .         Spirit   +   (no helmet)
rElec    .         Reflect  .   c - +0 cloak
rCorr    .         Harm     .   (no gloves)
MR       .....                  (no boots)
Stlth    +++.......             (no amulet)
HPRegen  0.06/turn              (no ring)
MPRegen  0.09/turn              (no ring)

@: lethally poisoned (0 -> -15)
A: fangs 2, magic shield, antimagic bite, no potion heal 3, rot immunity
a: no special abilities


You were on level 2 of the Dungeon.
You were not hungry.

You visited 1 branch of the dungeon, and saw 2 of its levels.

You collected 99 gold pieces.

Inventory:

Hand Weapons
 a - a +2 dagger (weapon)
Missiles
 d - 8 poisoned darts (quivered)
 e - 2 curare-tipped darts
Armour
 b - a +0 robe (worn)
 c - a +0 cloak (worn)
Scrolls
 g - 2 scrolls of identify {unknown}
Potions
 i - a potion of curing
Comestibles
 f - a ration
 h - a chunk of flesh


   Skills:
 - Level 1.7 Fighting
 + Level 3.0 Short Blades
 - Level 1.7 Throwing
 - Level 0.7 Dodging
 - Level 4.8 Stealth


You had 2 spell levels left.
You didn't know any spells.
Your spell library was empty.

Dungeon Overview and Level Annotations

Branches:
Dungeon (2/15)

Altars:


Innate Abilities, Weirdness & Mutations

You have extremely sharp teeth.
When hurt, damage is shared between your health and your magic reserves.
Your bite disrupts and absorbs the magic of your enemies.
Potions cannot restore your health.
You are immune to rotting.


Message History

You closely miss the adder.
The adder is severely wounded.
* * * LOW HITPOINT WARNING * * *
You feel sick. The adder closely misses you. The bat barely misses you.
The adder closely misses you.
Unknown command.
You barely miss the adder.
The adder is severely wounded.
* * * LOW HITPOINT WARNING * * *
You feel sick. The bat hits you.
* * * LOW HITPOINT WARNING * * *
The bat closely misses you. The adder barely misses you.
Unknown command.
You hit the adder. Your bite misses the adder.
The adder is almost dead.
* * * LOW HITPOINT WARNING * * *
You feel sick. The bat hits you but does no damage. The adder bites you.
You closely miss the adder.
The adder is almost dead.
You die...

#..........# #######
#..........#
#.....######..........#
#..........#..........#
#..........#...!......#
#...(......#..........#
#..........#....S.....#
#..........#...@......#
#.......####.b........#
####....#####'#########
#...........####
#.......(........
#................
#.................
#.#...............
#.#.........######


You could see an adder and a bat.

Vanquished Creatures
  A leopard gecko (D:1)
  2 giant cockroaches
  5 hobgoblins (D:1)
  3 kobolds
  A ball python (D:1)
  2 bats (D:1)
  2 frilled lizards
  2 goblins (D:1)
  4 rats (D:1)
22 creatures vanquished.

Notes
Turn   | Place    | Note
-------+----------+-------------------------------------------
     0 | D:1      | HAL9000 the Vine Stalker Assassin began the quest for the
                  | Orb.
     0 | D:1      | Reached XP level 1. HP: 11/11 MP: 2/2
   234 | D:1      | Reached XP level 2. HP: 15/15 MP: 3/3
   868 | D:2      | Reached XP level 3. HP: 16/18 MP: 4/4
   930 | D:2      | Succumbed to an adder's poison

Levels and vault maps discovered:
D:1:      dpeg_arrival_pond, layout_loops_ring, minmay_split_cup_small
D:2:      layout_basic

Skill      XL: |  1  2 |
---------------+-------+-----
Short Blades   | 2 3 |  3.0
Fighting       | |  1.7
Throwing       | |  1.7
Dodging        | |  0.7
Stealth        | |  4.8

Action                   || total
-------------------------++-------
Melee: Dagger            ||    81
       Bite              ||    23
 Stab: Sleeping          ||     5
       Distracted        ||     1
Armor: Robe              ||    15
Dodge: Dodged            ||    43

Table legend:
 A = Non-vault XP
 B = Vault XP
 C = Vault XP percentage of total XP
 D = Non-vault monster count
 E = Vault monster count
 F = Vault count percentage of total count
                 A         B        C        D         E       F
            +---------+---------+-------+---------+---------+-------
      Total |      27 |       7 |  20.6 |      19 |       3 |  13.6
            +---------+---------+-------+---------+---------+-------
        D:1 |      22 |       7 |  24.1 |      16 |       3 |  15.8
        D:2 |       5 |       0 |   0.0 |       3 |       0 |   0.0
            +---------+---------+-------+---------+---------+-------
